Map: Pillars of Gold LE

Players

Undetected

  • Race: Terran Terran
  • League: Diamond
  • Spawn Location: 7:00

Eleven - Winner!

  • Race: Zerg Zerg
  • League: Diamond
  • Spawn Location: 1:00

VOD

Have the link to the VOD?

Description

Time

  • Played on: May 29, 2020, 3:52 a.m.
  • Length: 16:39
Show
View Real Time Build Order
Export as new Build Order

Undetected Terran 

Build Orders: 2 Factory, Reaper Expand, Hellion Banshee, Mech 

Get SALT Encoding   

  12  0:01  SCV  
  13  0:13  SCV  
  14  0:18  Supply Depot  
  14  0:25  SCV  
  15  0:40  SCV  
  15  0:41  Barracks  
  16  0:48  Refinery  
  16  0:52  SCV  
  17  1:04  SCV  
  18  1:16  SCV  
  19  1:28  Orbital Command  
  19  1:31  Reaper  
  20  1:49  Command Center  
  20  1:59  Supply Depot  
  20  2:00  SCV  
  21  2:05  Marine  
  22  2:10  Refinery  
  22  2:13  SCV  
  23  2:24  Factory  
  23  2:34  Barracks Reactor  
  23  2:37  Factory  
  23  2:38  SCV  
  24  2:50  SCV  
  25  3:02  SCV  
  27  3:07  Orbital Command  
  26  3:14  SCV  
  27  3:21  Starport  
  27  3:26  SCV  
  28  3:28  Hellion x2  
  32  3:38  SCV  
  32  3:40  Barracks Tech Lab  
  33  3:44  SCV  
  33  3:45  Supply Depot  
  34  3:49  Hellion x2  
  34  3:53  SCV  
  39  3:56  SCV  
  40  4:05  SCV  
  40  4:09  SCV  
  42  4:12  Hellion  
  42  4:13  Hellion  
  46  4:19  Supply Depot  
  46  4:20  Command Center  
  46  4:23  SCV  
  46  4:24  SCV  
  48  4:35  SCV, Banshee, Barracks Tech Lab  
  48  4:36  Cloaking Field, SCV  
  53  4:41  Hellion x2  
  57  4:47  Supply Depot  
  57  4:50  SCV x2  
  59  4:53  Marine  
  59  4:54  Stimpack  
  60  5:02  SCV  
  57  5:19  SCV x2  
  50  5:24  Banshee  
  53  5:32  Barracks  
  53  5:33  Barracks  
  53  5:35  Factory Tech Lab, Engineering Bay, SCV  
  53  5:36  SCV  
  53  5:38  Engineering Bay  
  53  5:39  Refinery  
  53  5:40  Marine  
  53  5:41  Refinery  
  56  5:48  SCV x2  
  58  5:54  Siege Tank  
  61  6:00  SCV x2  
  63  6:07  Marine  
  64  6:12  SCV x2  
  66  6:24  Marine, SCV x2  
  69  6:26  Siege Tank  
  72  6:36  SCV x2  
  74  6:42  Marine  
  74  6:45  Terran Infantry Weapons Level 1, Terran Infantry Armor Level 1  
  75  6:48  SCV x2  
  75  6:51  Orbital Command  
  77  7:00  SCV x2  
  79  7:03  Combat Shield  
  79  7:06  Concussive Shells  
  79  7:12  Starport Reactor, SCV x2  
  81  7:20  Marine x3  
  81  7:21  Marine  
  85  7:40  Command Center  
  85  7:44  Supply Depot  
  85  7:45  Supply Depot  
  85  7:46  Supply Depot  
  85  7:47  Supply Depot  
  85  7:50  Barracks  
  85  7:51  Armory  
  85  7:53  Barracks  
  85  7:54  Supply Depot  
  85  7:56  Factory  
  85  8:05  Marine x2  
  85  8:06  Marine x2, Siege Tank, SCV x3  
  95  8:18  SCV x3  
  98  8:24  Marine  
  99  8:30  SCV x3  
  99  8:31  Marine x3  
  99  8:32  Medivac x2  
  109  8:37  Marine  
  110  8:42  Marine, SCV x3  
  110  8:46  Marine  
  110  8:47  Factory Tech Lab  
  110  8:48  Marine, Siege Tank  
  118  8:49  Marine x2  
  118  8:54  SCV x3  
  118  8:55  Marine  
  124  8:59  Marine  
  124  9:02  Orbital Command  
  126  9:03  Marine  
  126  9:05  Refinery  
  126  9:06  SCV x2  
  126  9:08  Refinery  
  129  9:16  Marine x4  
  133  9:17  Marine, Siege Tank  
  133  9:18  Medivac  
  133  9:20  SCV  
  140  9:31  Marine, Medivac  
  140  9:44  Marine x2, SCV x2  
  140  9:45  Marine  
  140  9:46  Marine  
  140  9:48  Marine  
  140  9:49  Marine  
  136  9:57  Siege Tank  
  139  10:02  Siege Tank  
  140  10:12  Supply Depot  
  140  10:13  Supply Depot  
  140  10:17  Supply Depot  
  140  10:20  Supply Depot  
  140  10:23  Marine x3, Orbital Command  
  140  10:29  Terran Infantry Armor Level 2, Terran Infantry Weapons Level 2  
  140  10:33  Marine x3, SCV x2  
  145  10:37  SCV  
  145  10:39  Supply Depot  
  145  10:40  Marine x3  
  145  10:41  Supply Depot  
  149  10:43  Supply Depot  
  149  10:45  Supply Depot, SCV  
  149  10:47  Supply Depot  
  150  10:50  Command Center  
  150  10:51  Marine x3  
  150  10:52  Command Center  
  153  10:58  Marine x3  
  156  11:10  Marine x2  
  144  11:12  Medivac x2, Siege Tank x2  
  144  11:16  Marine x2  
  153  11:19  Barracks Tech Lab  
  153  11:20  Barracks Tech Lab  
  153  11:21  SCV  
  153  11:22  SCV  
  151  11:26  SCV x2  
  151  11:28  Marine x2  
  155  11:33  SCV  
  156  11:40  Refinery  
  156  11:41  Refinery  
  156  11:43  Marauder  
  156  11:44  Marauder x3  
  156  11:45  Siege Tank x2  
  156  11:46  Medivac x2  
  174  11:54  SCV x3  
  174  11:55  SCV  
  178  12:10  Factory  
  178  12:12  Barracks x2  
  178  12:15  Fusion Core, Marine, Factory  
  178  12:16  Marine, Marauder x2, Barracks  
  178  12:17  Marauder x2, Medivac, Barracks  
  178  12:18  Medivac  
  178  12:22  Missile Turret  
  192  12:27  Missile Turret  
  192  12:31  Siege Tank x2  
  192  12:33  Marine x2  
  200  12:41  Starport  
  200  12:46  Starport  
  200  12:51  Planetary Fortress  
  200  12:52  Starport  
  200  13:04  Barracks Tech Lab x2  
  200  13:05  Barracks Reactor x2  
  200  13:07  Factory Tech Lab x2  
  200  13:49  Starport Reactor x2  
  200  13:54  Starport Reactor  
  200  13:56  Terran Infantry Weapons Level 3, Terran Infantry Armor Level 3  
  200  14:02  Command Center  
  200  14:06  Command Center  
  200  14:08  Advanced Ballistics  
  200  14:10  Command Center  
  200  14:13  Command Center  
  152  14:56  Marine x4  
  152  14:57  Marine, Marauder  
  152  14:58  Marauder x5, Siege Tank  
  152  14:59  Siege Tank x3  
  180  15:02  Medivac x5  
  164  15:15  Viking  
  164  15:17  Marine  
  164  15:18  Marine x5  
  164  15:20  Marauder x5  
  182  15:24  Planetary Fortress  
  182  15:25  SCV x2  
  182  15:26  SCV  
  182  15:29  Orbital Command x2  
  182  15:30  Siege Tank  
  182  15:32  Viking x3  
  182  15:33  Refinery  
  182  15:34  SCV x2  
  193  15:37  Refinery, SCV  
  171  16:04  Marine x3  
  169  16:06  Marine x4  
  169  16:07  Marauder x2  
  169  16:08  Marauder x3  
Show
View Real Time Build Order
Export as new Build Order

Eleven Zerg - Winner!

Build Orders: Hatch First, Lurkers 

Get SALT Encoding   

  12  0:03  Drone  
  13  0:11  Drone  
  14  0:18  Extractor  
  14  0:19  Drone  
  15  0:23  Overlord  
  15  0:43  Drone  
  16  0:53  Drone  
  16  0:54  Hatchery  
  16  0:58  Drone  
  16  1:01  Drone  
  18  1:15  Extractor  
  17  1:19  Spawning Pool  
  17  1:23  Drone  
  17  1:25  Drone  
  18  1:30  Drone  
  19  1:44  Drone  
  20  1:51  Overlord  
  20  2:11  Queen x2  
  20  2:12  Zergling x4  
  26  2:29  Extractor  
  25  2:30  Drone  
  25  2:34  Overlord  
  26  2:43  Drone  
  27  2:48  Hatchery  
  27  2:51  Queen  
  27  2:54  Drone  
  27  2:55  Drone  
  31  3:01  Drone  
  31  3:02  Drone  
  33  3:07  Metabolic Boost  
  33  3:23  Drone x2  
  33  3:24  Drone x3  
  38  3:37  Overlord  
  38  3:38  Drone x2  
  38  3:39  Queen  
  42  3:51  Drone x2  
  42  3:52  Lair  
  44  3:55  Zergling x2  
  44  3:56  Zergling x4  
  47  4:15  Queen  
  49  4:19  Drone  
  49  4:21  Extractor, Drone x3  
  52  4:26  Evolution Chamber  
  52  4:27  Baneling Nest  
  52  4:29  Evolution Chamber, Drone x2  
  52  4:30  Drone x2  
  53  4:39  Drone x3  
  53  4:40  Overlord, Drone  
  53  4:41  Overlord  
  57  4:47  Spore Crawler  
  57  4:49  Spore Crawler, Drone x2  
  57  4:54  Spore Crawler  
  57  4:56  Spore Crawler  
  57  4:59  Overseer  
  54  5:02  Drone x2  
  54  5:03  Drone  
  54  5:14  Spore Crawler  
  54  5:15  Drone  
  54  5:16  Drone x5  
  59  5:26  Roach Warren  
  59  5:27  Drone x2  
  60  5:28  Drone x2  
  60  5:34  Queen  
  64  5:43  Zerg Missile Weapons Level 1  
  64  5:44  Zerg Melee Weapons Level 1  
  64  5:46  Drone  
  64  5:47  Drone  
  64  5:48  Drone x4  
  70  5:52  Centrifical Hooks  
  70  5:57  Drone  
  70  5:58  Drone x3  
  74  6:04  Extractor  
  74  6:05  Extractor  
  72  6:14  Drone x2  
  72  6:15  Extractor, Drone  
  72  6:17  Overlord x2  
  74  6:19  Overlord  
  74  6:20  Hatchery  
  73  6:27  Glial Reconstitution  
  73  6:30  Drone  
  73  6:32  Overlord  
  74  6:33  Overlord  
  74  6:39  Drone x3  
  78  6:40  Drone x2  
  78  6:41  Drone x3  
  78  6:43  Extractor  
  78  6:44  Drone x2  
  83  6:52  Hatchery  
  82  6:58  Roach  
  82  6:59  Roach x5  
  94  7:12  Roach  
  94  7:13  Roach x4  
  104  7:40  Hydralisk Den  
  104  7:41  Zerg Missile Weapons Level 2  
  104  7:43  Zerg Ground Armor Level 1  
  103  7:45  Roach x4  
  103  7:46  Roach x4  
  103  7:47  Ravager  
  103  7:50  Overlord x4  
  120  8:03  Queen  
  122  8:07  Drone x4  
  126  8:15  Lurker Den  
  126  8:16  Infestation Pit  
  126  8:17  Overseer x2  
  126  8:18  Drone x10  
  126  8:19  Drone x4  
  138  8:30  Ravager x3  
  138  8:31  Ravager x2  
  143  8:43  Drone x3  
  141  8:50  Hatchery x2  
  135  8:57  Drone  
  135  8:58  Drone x3  
  135  8:59  Drone x4  
  135  9:00  Drone x3  
  135  9:02  Drone x2  
  145  9:03  Extractor x2  
  145  9:06  Roach x3  
  145  9:07  Ravager  
  145  9:08  Overlord x4  
  150  9:19  Baneling x2  
  150  9:20  Baneling x5  
  150  9:37  Hydralisk x12  
  156  10:01  Drone x13  
  165  10:15  Drone x3, Hydralisk  
  165  10:16  Hydralisk x4  
  178  10:34  Lurker x2  
  180  10:35  Overlord  
  180  10:36  Overlord x3  
  180  10:38  Hive  
  180  10:44  Zerg Ground Armor Level 2, Zerg Melee Weapons Level 2  
  178  10:55  Pneumatized Carapace  
  162  11:10  Drone x13  
  171  11:11  Drone x4  
  171  11:12  Drone  
  171  11:13  Drone x2  
  171  11:14  Drone x2  
  171  11:29  Queen  
  171  11:32  Lurker x12  
  185  11:51  Spore Crawler  
  184  12:03  Extractor  
  184  12:06  Hatchery  
  182  12:12  Viper x4  
  194  12:17  Extractor  
  194  12:22  Extractor  
  192  12:23  Evolution Chamber  
  192  12:25  Evolution Chamber x2, Overseer x3  
  192  12:27  Evolution Chamber x2  
  187  12:33  Drone x3  
  190  12:40  Hydralisk  
  190  12:41  Hydralisk x4  
  200  12:48  Adaptive Talons  
  200  13:26  Zerg Missile Weapons Level 3  
  200  13:27  Zerg Melee Weapons Level 3  
  200  13:45  Seismic Spines  
  168  15:20  Extractor, Drone x3  
  168  15:21  Drone x5  
  175  15:48  Hydralisk x5, Roach  
  175  15:49  Hydralisk, Roach x5  
Tags
 
Add a new tag
Caveats
  • Supply blocks, unpowered buildings, or Contaminate may cause inaccurate times.
  • Supply counts are checked every 10 seconds.